 Dungeon Crawl Stone Soup version 0.31-a0-358-gac0dbeb3ab (webtiles) character file.

Game seed: 10784875813605189187

27035 Newt the Mimic (level 13, -4/96 HPs)
             Began as a Pale Draconian Shapeshifter on July 25, 2023.
             Was an Elder of Hepliaklqana.
             Slain by a catoblepas (26 damage)
             ... on level 2 of the Lair of Beasts.
             The game lasted 00:22:02 (14981 turns).

Newt the Mimic (Pale Draconian Shapeshifter)       Turns: 14981, Time: 00:22:03

Health: -4/96      AC:  8    Str: 22    XL:     13   Next: 2%
Magic:  13/13      EV: 14    Int: 15    God:    Hepliaklqana [****..]
Gold:   501        SH:  8    Dex:  9    Spells: 12/12 levels left

rFire   + . .        n - +4 trident of Terror {holy, rPois Int+3 SInv}
rCold   . . .        y - +0 kite shield
rNeg    . . .        (body armour unavailable)
rPois   +            (helmet currently unavailable)
rElec   .            B - melded +0 cloak {rPois}
rCorr   .            E - melded +0 pair of gloves {Stlth+}
SInv    +            (boots currently unavailable)
Will    +....        (no amulet)
Stlth   +            g - ring of willpower
HPRegen 0.36/turn    u - ring of flight
MPRegen 0.13/turn

%: no passive effects
@: beast-form, flying, studying Dodging
A: beast (slay +7), reduced essence, breathe steam, AC +8, unfitting armour,
cold-blooded, steam resistance, clever 1, clumsy 1, fire resistance 1
a: Breathe Steam, Begin Untransformation, Renounce Religion, Recall Ancestor,
Ancestor Identity, Transference, Idealise


You were on level 2 of the Lair of Beasts.
You worshipped Hepliaklqana.
Hepliaklqana was greatly pleased with you.
You were a hulking beast.
You visited 3 branches of the dungeon, and saw 14 of its levels.
You also visited: Volcano.

You collected 954 gold pieces.
You spent 453 gold pieces at shops.

Inventory:

Hand Weapons
 n - the +4 trident of Terror (weapon) {holy, rPois Int+3 SInv}
   (You found it on level 2 of the Dungeon)

   Int:       It affects your intelligence (+3).
   rPois:     It protects you from poison.
   SInv:      It lets you see invisible.
 I - a +0 trident of venom
 J - the +3 battleaxe "Goblinslayer" {holy, Fly rF+ Int+4 Dex+3}
   (You bought it in a shop on level 9 of the Dungeon)

   Int:       It affects your intelligence (+4).
   Dex:       It affects your dexterity (+3).
   rF:        It protects you from fire.
   Fly:       It grants you flight.
 K - a +3 halberd of freezing
Missiles
 c - 4 javelins
Armour
 o - a +2 cloak of fire resistance
 y - a +0 kite shield (worn)
 B - a +0 cloak of poison resistance (melded)
 E - a +0 pair of gloves of stealth (melded)
 Q - the +2 helmet of Somewhere Else {+Inv rElec Will- Regen+}
   (You found it on level 11 of the Dungeon)

   rElec:     It insulates you from electricity.
   +Inv:      It lets you turn invisible.
   Regen:     It increases your rate of health regeneration.
   Will:      It decreases your willpower.
Jewellery
 g - a ring of willpower (left hand)
 u - a ring of flight (right hand)
 A - a +6 ring of dexterity
 P - a ring of resist corrosion
Talismans
 b - a beast talisman
 v - a maw talisman
 G - a blade talisman
Wands
 i - a wand of quicksilver (4)
 t - a wand of roots (6)
 F - a wand of mindburst (5)
Scrolls
 j - 2 scrolls of immolation
 k - 3 scrolls of fog
 q - 6 scrolls of teleportation
 s - a scroll of enchant weapon
 x - a scroll of poison {unknown}
 z - 2 scrolls of noise
 C - a scroll of torment
 L - a scroll of amnesia
 M - a scroll of silence
 N - a scroll of vulnerability {unknown}
 R - 2 scrolls of identify
Potions
 a - 4 potions of lignification
 d - 2 potions of cancellation
 e - 3 potions of degeneration
 f - 3 potions of enlightenment
 h - 3 potions of mutation
 l - 3 potions of haste
 m - 2 potions of attraction
 p - a potion of brilliance {unknown}
 r - a potion of might
 D - a potion of heal wounds
 O - 2 potions of invisibility {unknown}


   Skills:
 - Level 8.0 Fighting
 - Level 10.0 Polearms
 - Level 12.0 Dodging
 - Level 5.0 Shields
 - Level 3.0 Unarmed Combat
 * Level 13.4 Shapeshifting


You had 12 spell levels left.
You didn't know any spells.
Your spell library contained the following spells:

 Spells                   Type           Power      Damage    Failure   Level
 Apportation              Tloc           0%         N/A       50%         1
 Necrotise                Necr           0%         1d4       50%         1
 Summon Small Mammal      Summ           0%         N/A       50%         1
 Blink                    Tloc           0%         N/A       65%         2
 Call Imp                 Summ           0%         N/A       65%         2
 Ensorcelled Hibernation  Hex/Ice        0%         N/A       65%         2
 Dazzling Flash           Conj/Hex       0%         N/A       86%         3
 Gell's Gravitas          Tloc           0%         N/A       86%         3
 Teleport Other           Tloc           0%         N/A       86%         3
 Vampiric Draining        Necr           0%         2d6       86%         3
 Leda's Liquefaction      Hex/Erth       0%         N/A       99%         4
 Manifold Assault         Tloc           0%         N/A       99%         4
 Agony                    Necr           0%         N/A       100%        5
 Lee's Rapid Deconstruct  Erth           0%         3d4*      100%        5
 Silence                  Hex/Air        0%         N/A       100%        5
 Dispersal                Tloc           0%         N/A       100%        6
 Leda's Unmaking          Conj/Erth      0%         9d1       100%        6
 Simulacrum               Ice/Necr       0%         N/A       100%        6
 Ozocubu's Refrigeration  Ice            0%         4d7       100%        7


Dungeon Overview and Level Annotations

Branches:
Dungeon (11/15)            Temple (1/1) D:7            Lair (2/5) D:11
 Shoals (0/4) Lair:2      Volcano (visited)
  Snake: Lair:2-3    Spider: Lair:2-3       Orc: D:9-12

Altars:
Ashenzari
Cheibriados
Dithmenos
Elyvilon
Fedhas
Gozag
Hepliaklqana
Kikubaaqudgha
Makhleb
Nemelex Xobeh
Okawaru
Qazlal
Ru
Sif Muna
Trog
Uskayaw
Vehumet
Wu Jian
Xom
Yredelemnul
Zin
The Shining One

Shops:
D:3 :   D:5 (=?[   D:9 *:::(*


Innate Abilities, Weirdness & Mutations

You are a hulking beast.
Your limbs bulge with bestial killing power. (Slay +7)
Your life essence is reduced to manifest your ancestor. (-10% HP)
You can breathe blasts of scalding, opaque steam.
Your pale cyan-grey scales are hard. (AC +8)
You cannot fit into any form of body armour.
You are cold-blooded and may be slowed by cold attacks.
You are immune to the effects of steam.
Your mind is acute. (Int +4, Str/Dex -1)
You are clumsy. (Dex -2)
Your flesh is heat resistant. (rF+)


Message History

The catoblepas gores you.
Oma hits the komodo dragon with a +0 flail!
The catoblepas completely misses you.
Oma hits the komodo dragon with a +0 flail!
The catoblepas gores you! The catoblepas gores you!!
Oma hits the komodo dragon with a +0 flail!
The catoblepas gores you!
Oma hits the komodo dragon but does no damage.
The catoblepas gores you.
You turn to flesh and can move again.
Unknown command.
Unknown command.
Unknown command.
Unknown command.
Reach: n) +4 trident of Terror {holy, rPois Int+3 SInv}
Press: ? - help, Dir - move target, f/p - komodo dragon
Aim: a komodo dragon (severely wounded, petrified, ally target, about 2% to evade the +4 trident of Terror)
You reach to attack!
The helpless komodo dragon fails to defend itself.
You puncture the komodo dragon!
The komodo dragon is almost dead.
The catoblepas gores you!!
* * * LOW HITPOINT WARNING * * *
Oma hits the komodo dragon with a +0 flail!
Unknown command.
Unknown command.
Unknown command.
Aiming: Fastroot
Press: ? - help, Shift-Dir - straight line, f/p - komodo dragon
Aim: a komodo dragon (almost dead, petrified, ally target)
The roots erupt in riotous growth!
Roots grab the komodo dragon.
Roots grab the catoblepas.
Oma avoids your attack.
The grasping roots constrict the komodo dragon.
You kill the komodo dragon!
The grasping roots constrict the catoblepas.
The catoblepas gores you!!
You die...

..†................# *,,,,
..................## **,,,
#.#.....###........# **,,
.......## #.......## *,,,
.......# ##.......# *,,, ###....#
#P.......# *,,* *###.# #P.......#
*,,, *** #P.......# *,,* ###
###.....h.# **,, ##.##
#.......Y.## *,*
###...###......†...# *,*
##......#.......R.(#*## *** *,,
#.......##.........#PP###,*****,,
.........#...............<,,,,,,,
#.......##................,,,,,,,
#.......##................,,,,,,,
##......##................,,,,,,,


You could see the friendly Oma the knight and a catoblepas (rooted, ally
target).

Vanquished Creatures
  The ghost of randomguy2701 the Priest, a journeyman HOMo of Beogh (D:10)
  A hydra (Lair:2)
  4 two-headed ogres
  A centaur warrior (D:11)
  Urug (D:10)
  Pikel (D:8)
  A manticore (D:11)
  A cane toad (Lair:1)
  A smoke demon (D:10)
  A torpor snail (Lair:1)
  Maggie (D:7)
  A rime drake (Lair:1)
  2 kobold demonologists (D:11)
  3 komodo dragons
  3 trolls
  2 hellwings
  2 hornets (D:9)
  Prince Ribbit (D:6)
  9 blink frogs (Lair:1)
  20 yaks
  A wraith (D:9)
  A water elemental (D:11)
  3 wyverns
  4 fire bats
  Menkaure (D:4)
  A steam dragon (D:7)
  2 water moccasins
  A hell hound (Volcano)
  An acid dragon (D:11)
  5 orc warriors
  2 sky beasts
  A black bear (Lair:2)
  An ice beast (D:8)
  2 ogres
  12 centaurs
  3 wolves
  4 phantoms
  3 kobold brigands
  Blork the orc (D:6)
  6 bullfrogs
  A gnoll sergeant (D:9)
  7 scorpions
  4 wights (D:9)
  7 killer bees
  3 electric eels (D:11)
  5 howler monkeys
  6 orc priests
  2 gnoll boudas
  11 hounds
  4 jellies
  A sleepcap (D:8)
  Crazy Yiuf (D:6)
  5 iguanas
  Ijyb (D:4)
  8 orc wizards
  12 gnolls
  10 adders
  3 shadow imps
  A white imp (D:6)
  2 ufetubi
  A worm (D:3)
  3 dart slugs
  26 orcs
  4 ball pythons
  5 bats
  9 endoplasms
  4 giant cockroaches
  5 goblins
  4 hobgoblins
  3 jackals (D:4)
  5 quokkas
  5 frilled lizards
  10 kobolds
  4 rats
294 creatures vanquished.

Vanquished Creatures (collateral kills)
  The ghost of bobarctor the Eclecticist, a journeyman DEHW of Kikubaaqudgha (D:11)
  2 two-headed ogres
  A cane toad (Lair:1)
  A tengu conjurer (D:10)
  A komodo dragon (Lair:1)
  A troll (D:11)
  A basilisk (Lair:2)
  2 fire bats
  5 yaks
  Grum (Lair:1)
  3 water moccasins
  An orc warrior (D:11)
  A gnoll sergeant (D:11)
  2 electric eels
  3 hounds (D:11)
  An orc priest (D:11)
  A gnoll (D:9)
  2 orcs
  A kobold (D:11)
31 creatures vanquished.

Vanquished Creatures (others)
  2 two-headed ogres (Volcano)
  3 ancestors
  5 knights
  An orc (D:11)
11 creatures vanquished.

Grand Total: 336 creatures vanquished

Notes
Turn   | Place    | Note
-------+----------+-------------------------------------------
     0 | D:1      | Newt the Draconian Shapeshifter began the quest for the
                  | Orb.
     0 | D:1      | Reached XP level 1. HP: 16/16 MP: 1/1
   131 | D:1      | Reached XP level 2. HP: 25/25 MP: 2/2
   278 | D:1      | Reached XP level 3. HP: 24/31 MP: 3/3
   541 | D:2      | Found a faded altar of an unknown god.
   547 | D:2      | Got Yhetal's Collected Works on the Combined Chill
   714 | D:2      | You fall into a shaft and drop 1 floor!
   715 | D:3      | Identified a scroll of acquirement
   715 | D:3      | Acquired a manual of Dodging
   947 | D:3      | Found Rocyuff's Book Shoppe.
  1175 | D:2      | Identified the +4 trident of Terror {holy, rPois Int+3
                  | SInv}
  1297 | D:2      | Reached XP level 4. HP: 40/40 MP: 4/4
  2058 | D:4      | Found a shadowy altar of Dithmenos.
  2064 | D:4      | Gained mutation: You are dopey. (Int -2) [potion of
                  | mutation]
  2064 | D:4      | Gained mutation: You have a pair of small horns on your
                  | head. [potion of mutation]
  2074 | D:4      | Noticed a phantom
  2075 | D:4      | Noticed Menkaure
  2075 | D:4      | Found a basalt altar of Yredelemnul.
  2080 | D:4      | Killed a phantom
  2081 | D:4      | Reached skill level 5 in Dodging
  2081 | D:4      | Reached XP level 5. HP: 46/46 MP: 5/5
  2081 | D:4      | Killed Menkaure
  2082 | D:4      | Reached XP level 6. HP: 52/52 MP: 6/6
  2334 | D:4      | Found a white marble altar of Elyvilon.
  2386 | D:4      | Noticed Ijyb
  2408 | D:4      | Killed Ijyb
  2549 | D:5      | Entered Level 5 of the Dungeon
  2636 | D:5      | Found a snail-covered altar of Cheibriados.
  2658 | D:5      | Your scales start taking on a pale cyan-grey colour.
  2658 | D:5      | Reached XP level 7. HP: 59/59 MP: 7/7
  2658 | D:5      | Gained mutation: You are immune to the effects of steam.
                  | [Pale Draconian growth]
  2939 | D:5      | Found Wufyarr's Antique Weapon Boutique.
  2941 | D:5      | Found Kiuwad's Magic Scroll Boutique.
  2941 | D:5      | Found Qirekk's Jewellery Boutique.
  2946 | D:5      | Found Mitapn's Armour Boutique.
  2957 | D:5      | Bought a scroll of identify for 26 gold pieces
  2981 | D:5      | Reached skill level 1 in Polearms
  3557 | D:6      | Found a burning altar of Makhleb.
  3559 | D:6      | Found a glowing silver altar of Zin.
  3560 | D:6      | Found a blossoming altar of Fedhas.
  3667 | D:6      | Noticed Blork the orc
  3680 | D:6      | Killed Blork the orc
  3804 | D:6      | Reached XP level 8. HP: 64/66 MP: 8/8
  3824 | D:6      | Reached skill level 4 in Shapeshifting
  4078 | D:6      | Noticed Prince Ribbit
  4090 | D:6      | Killed Prince Ribbit
  4091 | D:6      | Reached skill level 5 in Shapeshifting
  4208 | D:6      | Lost mutation: You are dopey. (Int -2) [potion of mutation]
  4208 | D:6      | Lost mutation: You have a pair of small horns on your head.
                  | [potion of mutation]
  4208 | D:6      | Gained mutation: Potions are less effective at restoring
                  | your health. [potion of mutation]
  4208 | D:6      | Gained mutation: You have large cloven feet. [potion of
                  | mutation]
  4209 | D:6      | Lost mutation: You have large cloven feet. [potion of
                  | mutation]
  4209 | D:6      | Lost mutation: Potions are less effective at restoring your
                  | health. [potion of mutation]
  4209 | D:6      | Gained mutation: You expend magic power (3 MP) to
                  | strengthen your wands. [potion of mutation]
  4210 | D:6      | Lost mutation: You expend magic power (3 MP) to strengthen
                  | your wands. [potion of mutation]
  4210 | D:6      | Gained mutation: Your mind is acute. (Int +4, Str/Dex -1)
                  | [potion of mutation]
  4210 | D:6      | Gained mutation: You are clumsy. (Dex -2) [potion of
                  | mutation]
  4210 | D:6      | Gained mutation: Your flesh is heat resistant. (rF+)
                  | [potion of mutation]
  4216 | D:6      | Found a runed translucent door.
  4217 | D:6      | Noticed Crazy Yiuf
  4222 | D:6      | Killed Crazy Yiuf
  4349 | D:6      | Reached skill level 6 in Shapeshifting
  4845 | D:6      | Reached skill level 7 in Shapeshifting
  4861 | D:6      | Reached XP level 9. HP: 38/71 MP: 9/9
  5331 | D:6      | Reached skill level 8 in Shapeshifting
  5536 | D:7      | Found a staircase to the Ecumenical Temple.
  5547 | Temple   | Entered the Ecumenical Temple
  5562 | Temple   | Became a worshipper of Hepliaklqana the Forgotten
  5804 | D:7      | Reached skill level 9 in Shapeshifting
  6179 | D:5      | Bought a +0 pair of gloves of stealth for 115 gold pieces
  6230 | D:7      | Reached skill level 10 in Dodging
  6336 | D:7      | Noticed Maggie
  6356 | D:7      | Killed Maggie
  6633 | D:8      | Noticed Pikel
  6650 | D:8      | Killed Pikel
  6651 | D:8      | Reached XP level 10. HP: 60/78 MP: 10/10
  6888 | D:8      | Reached skill level 1 in Shields
  6954 | D:8      | Reached * piety under Hepliaklqana
  7099 | D:8      | HP: 3/70 [poisoned by a killer bee]
  7569 | D:8      | Found a shimmering blue altar of Sif Muna.
  7713 | D:8      | Found a hide-covered altar of Uskayaw.
  8109 | D:9      | Reached skill level 5 in Shields
  8243 | D:9      | Found a broken altar of Ashenzari.
  8277 | D:9      | Found Mautzul's Antique Weapon Shoppe.
  8290 | D:9      | Bought a twisted battleaxe for 264 gold pieces
  8290 | D:9      | Identified the +3 battleaxe "Goblinslayer" {holy, Fly rF+
                  | Int+4 Dex+3} (You bought it in a shop on level 9 of the
                  | Dungeon)
  8304 | D:9      | Found Angev's Vocational Training.
  8609 | D:9      | Found Het Amyatt's Book Boutique.
  8609 | D:9      | Found Coadghe's Assorted Antiques.
  8623 | D:9      | Reached ** piety under Hepliaklqana
  8624 | D:9      | Remembered your ancestor Oma as a knight
  8628 | D:9      | Bought a scroll labelled TUEPIO VIRR for 24 gold pieces
  8646 | D:9      | Reached skill level 10 in Shapeshifting
  8654 | D:9      | Reached skill level 5 in Fighting
  8724 | D:9      | Found Geceas's Book Shoppe.
  8724 | D:9      | Noticed a walking frostbound tome
  8727 | D:9      | Noticed a walking earthen tome
  8731 | D:9      | Found Wuteatt's General Store.
  8743 | D:9      | Bought a scroll of identify for 24 gold pieces
  9213 | D:10     | Entered Level 10 of the Dungeon
  9242 | D:10     | Reached XP level 11. HP: 81/81 MP: 11/11
  9247 | D:10     | Noticed Urug
  9464 | D:10     | Killed Urug
  9524 | D:10     | Found a large runed translucent door.
  9524 | D:10     | Found a large runed translucent door.
  9527 | D:10     | Noticed randomguy2701's ghost (journeyman HOMo)
  9765 | D:10     | Reached skill level 5 in Polearms
 10165 | D:11     | Noticed a two-headed ogre
 10175 | D:11     | Killed a two-headed ogre
 10419 | D:10     | Found an opulent altar of Gozag.
 10555 | D:10     | Killed randomguy2701's ghost
 10677 | D:11     | Noticed a centaur warrior
 11048 | D:11     | Killed a centaur warrior
 11703 | D:11     | Found a staircase to the Lair.
 11833 | D:11     | Found a runed translucent gate.
 11834 | D:11     | Found a runed translucent gate.
 11834 | D:11     | Found a runed translucent gate.
 11834 | D:11     | Noticed bobarctor's ghost (journeyman DEHW)
 11938 | D:11     | Noticed a two-headed ogre
 11948 | D:11     | Killed a two-headed ogre
 11949 | D:11     | Reached skill level 10 in Polearms
 11949 | D:11     | Reached XP level 12. HP: 90/90 MP: 12/12
 12417 | D:11     | Killed bobarctor's ghost
 12420 | D:11     | HP: 4/90 [orc warrior/+0 halberd (15)]
 12635 | D:11     | Identified the +2 helmet of Somewhere Else {+Inv rElec
                  | Will- Regen+}
 12666 | Lair:1   | Entered Level 1 of the Lair of Beasts
 12687 | Lair:1   | Reached *** piety under Hepliaklqana
 12768 | Lair:1   | Noticed Grum
 12775 | Lair:1   | Killed Grum
 12779 | Lair:1   | Reached skill level 11 in Shapeshifting
 13560 | Lair:1   | Reached skill level 12 in Shapeshifting
 14041 | Lair:2   | Found a dark tunnel.
 14050 | Volcano  | Entered a volcano
 14207 | Volcano  | Noticed a two-headed ogre
 14207 | Volcano  | Noticed a two-headed ogre
 14207 | Volcano  | Noticed a two-headed ogre
 14230 | Volcano  | Killed a two-headed ogre
 14232 | Volcano  | Killed a two-headed ogre
 14240 | Volcano  | Killed a two-headed ogre
 14253 | Volcano  | Noticed a two-headed ogre
 14263 | Volcano  | Noticed a two-headed ogre
 14264 | Volcano  | Killed a two-headed ogre
 14271 | Volcano  | Noticed a two-headed ogre
 14285 | Volcano  | Killed a two-headed ogre
 14286 | Volcano  | Reached skill level 13 in Shapeshifting
 14292 | Volcano  | Killed a two-headed ogre
 14445 | Volcano  | Reached **** piety under Hepliaklqana
 14683 | Lair:2   | Found a staircase to the Shoals.
 14746 | Lair:2   | Noticed a five-headed hydra
 14758 | Lair:2   | Killed a five-headed hydra
 14759 | Lair:2   | Reached XP level 13. HP: 47/96 MP: 13/13
 14981 | Lair:2   | Slain by a catoblepas

Illustrated notes

Levels and vault maps discovered:
D:1:      dpeg_arrival_shelter, layout_basic
D:2:      layout_loops_cross, hellmonk_ecumenical_altar_lost_god,
          due_unseen_surprise
D:3:      layout_basic, serial_shops, shop, serial_bayou_pond_c,
          minmay_strange_pillars, nicolae_the_louvre
D:4:      layout_rooms, kennysheep_little_box,
          mainiacjoe_overflow_catwalk_spiral, uniq_menkaure, uniq_ijyb
D:5:      layout_layer_cave, mainiacjoe_overflow_paths, minmay_shop_grid_forest,
          chequers_decorated_corner, grunt_decor_mini_mirrors,
          hangedman_minor_gate_pass
D:6:      minmay_thinvault, layout_basic,
          chequers_temple_overflow_statue_of_worship, minivault_5,
          uniq_crazy_yiuf_cottage, uniq_prince_ribbit1, uniq_blork_the_orc
D:7:      layout_cave_pools, minmay_temple_entry_statues_fountains,
          reono_crystal_passage, uniq_maggie
D:8:      layout_loops_corners, nicolae_uskayaw_suspiria, lemuel_doored_altar,
          chequers_serial_rivers_room_b, uniq_pikel
D:9:      minmay_evil_eye, layout_basic, cheibrodos_ashenzari_chains,
          serial_shops, shop_statue, shop, nicolae_shop_mannequins, shop,
          nicolae_shop_statue_plus, nicolae_shop_vocational
D:10:     layout_roguey, nicolae_gozag_cash_rules_everything_around_me,
          ebering_ghost_disaster_area, nicolae_where_there's_smoke, uniq_urug
D:11:     cheibrodos_helix_gallery, layout_basic, erik_lair_island,
          biasface_ghost_orc_armoury
Temple:   hellmonk_temple_of_storms
Lair:1:   dreamdust_cave_troll, layout_chaotic_city, grunt_megastairs_5,
          uniq_grum
Lair:2:   layout_gridlike, elwin_shoals_entry_rocks,
          nicolae_volcano_entry_batcave

Skill      XL: |  1  2  3  4  5  6  7  8  9 10 11 12 |
---------------+-------------------------------------+-----
Fighting       | 2 3 4 6 8 |  8.0
Dodging        | 2 5 7 8 9 11 12 | 12.0
Polearms       | 4 10 | 10.0
Shapeshifting  | 7 9 10 13 | 13.4
Shields        | 5 |  5.0
Unarmed Combat | |  3.0

Action                     |  1- 3 |  4- 6 |  7- 9 | 10-12 | 13-15 || total
---------------------------+-------+-------+-------+-------+-------++-------
  Melee: Unarmed           |    81 |       |       |       |       ||    81
         Tailslap          |     9 |     7 |    26 |    64 |       ||   106
         Trident           |     2 |    76 |   270 |   543 |    15 ||   906
         Headbutt          |       |     9 |    22 |       |       ||    31
         Punch             |       |     1 |       |       |       ||     1
         Maw               |       |       |     7 |     8 |       ||    15
 Invoke: Ancestor Life: Kn |       |       |       |     1 |       ||     1
         Recall Ancestor   |       |       |       |     6 |     1 ||     7
Ability: Breathe Steam     |       |       |     7 |    18 |       ||    25
  Evoke: Wand              |       |       |       |    17 |     1 ||    18
    Use: Scroll            |     1 |     3 |     3 |    16 |       ||    23
         Potion            |       |     2 |     4 |     9 |       ||    15
   Stab: Sleeping          |     2 |     3 |     2 |     1 |       ||     8
         Distracted        |       |       |       |     1 |       ||     1
         Petrified         |       |       |       |       |     1 ||     1
 Armour: Skin              |    25 |    15 |    63 |    99 |     4 ||   206
  Dodge: Dodged            |    52 |    45 |   137 |   278 |     8 ||   520
  Block: Kite shield       |       |       |    58 |   199 |     1 ||   258
   Form: Maw               |       |       |     1 |       |       ||     1
                           |       |       |       |     1 |       ||     1
         Beast             |       |       |       |     1 |       ||     1

Table legend: (Time is in decaauts)
 A = Elapsed time spent in this place.
 B = Non-inter-level travel time spent in this place.
 C = Inter-level travel time spent in this place.
 D = Time resting spent in this place.
 E = Time spent auto-exploring this place.
 F = Levels seen in this place.
 G = Mean time per level.
                   A        B        C        D        E       F      G
               +--------+--------+--------+--------+--------+-----+--------+
         Total |  15168 |  14589 |    579 |   4157 |   8043 |  15 | 1011.2 |
       Dungeon |  12829 |  12292 |    537 |   3294 |   7089 |  11 | 1166.3 |
        Temple |     30 |      1 |     29 |      0 |      0 |   1 |   30.0 |
          Lair |   1699 |   1688 |     11 |    589 |    840 |   2 |  849.5 |
       Volcano |    609 |    609 |      0 |    274 |    114 |   1 |  609.0 |
               +--------+--------+--------+--------+--------+-----+--------+

Top non-repeatable levels by time:
    D:11: 1973 daAuts
     D:6: 1631 daAuts
     D:9: 1439 daAuts
     D:8: 1412 daAuts
     D:5: 1410 daAuts
    D:10: 1356 daAuts
  Lair:1: 1304 daAuts
     D:7: 1034 daAuts
     D:3: 915 daAuts
     D:2: 641 daAuts
 Volcano: 609 daAuts
     D:4: 551 daAuts
     D:1: 462 daAuts
  Lair:2: 394 daAuts
  Temple: 30 daAuts
